BSA
BAFFIN ISLAND BEAVERS @ BIRMINGHAM STEELDOGS
08/22/2026
 
TOP OF THE 1ST
Baffin Island Beavers batting - Pitching for Birmingham Steeldogs : RHP Pete Cook
Pitching: RHP Pete Cook
Batting: LHB Chris Bates 0-0: Ball
1-0: Called Strike
1-1: Swinging Strike
1-2: Ground out 4-3 (Groundball, 34)
Batting: LHB Jeff Cole 0-0: Ball
1-0: Ball
2-0: Ball
3-0: Base on Balls
Batting: RHB Dave Craig 0-0: Called Strike
0-1: Called Strike
0-2: Strikes out swinging
Batting: LHB Lorenzo Villa 0-0: Called Strike
0-1: Ball
1-1: Swinging Strike
1-2: Ball
2-2: Ball
3-2: Base on Balls
Jeff Cole to second
Batting: LHB Mario García 0-0: Called Strike
0-1: Ball
1-1: Ball
2-1: Ball
3-1: Base on Balls
Jeff Cole to third
Lorenzo Villa to second
Batting: LHB Keng-chi Lao 0-0: Ball
1-0: Ball
2-0: Ball
3-0: Called Strike
3-1: Fly out, F4 (Popup, 4MD)
Top of the 1st over - 0 run(s), 0 hit(s), 0 error(s), 3 left on base; Baffin Island 0 - Birmingham 0
BOTTOM OF THE 1ST
Birmingham Steeldogs batting - Pitching for Baffin Island Beavers : RHP Thierry Garneau
Pitching: RHP Thierry Garneau
Batting: RHB Nick Webb 0-0: Ball
1-0: Ball
2-0: Ground out 4-3 (Groundball, 4)
Batting: LHB Mitchell Oglethorpe 0-0: Ball
1-0: Ball
2-0: Called Strike
2-1: Ball
3-1: Base on Balls
Batting: LHB Chris Miller 0-0: Swinging Strike
0-1: Ball
1-1: SINGLE (Line Drive, 89S)
Mitchell Oglethorpe to second
Batting: LHB Arturo Molina 0-0: Ball
1-0: Fly out, F7 (Flyball, 7M)
Batting: RHB Eric Johnson 0-0: Foul Ball, location: 2F
0-1: Called Strike
0-2: Ball
1-2: Foul Ball, location: 2F
1-2: Ball
2-2: Ball
3-2: Base on Balls
Mitchell Oglethorpe to third
Chris Miller to second
Batting: LHB José Martínez 0-0: Ball
1-0: Called Strike
1-1: Foul Ball, location: 2F
1-2: Strikes out swinging
Bottom of the 1st over - 0 run(s), 1 hit(s), 0 error(s), 3 left on base; Baffin Island 0 - Birmingham 0
TOP OF THE 2ND
Baffin Island Beavers batting - Pitching for Birmingham Steeldogs : RHP Pete Cook
Batting: LHB José Berroa 0-0: Fly out, F7 (Flyball, 7D)
Batting: LHB Mike MacFadden 0-0: Ball
1-0: Called Strike
1-1: Called Strike
1-2: Ball
2-2: Foul Ball, location: 2F
2-2: Strikes out swinging
Batting: RHB Mario López 0-0: Ball
1-0: Ground out 6-3 (Groundball, 6)
Top of the 2nd over - 0 run(s), 0 hit(s), 0 error(s), 0 left on base; Baffin Island 0 - Birmingham 0
BOTTOM OF THE 2ND
Birmingham Steeldogs batting - Pitching for Baffin Island Beavers : RHP Thierry Garneau
Batting: RHB Lorenzo Martínez 0-0: Ball
1-0: Ball
2-0: Ball
3-0: Base on Balls
Batting: RHB Carlos García 0-0: Called Strike
0-1: Ball
1-1: Called Strike
1-2: Fly out, F3 (Popup, 3SF)
Batting: RHB Paço Ttes 0-0: Swinging Strike
0-1: Ball
1-1: Foul Ball, location: 2F
1-2: Ball
2-2: Ball
3-2: Fly out, F9 (Line Drive, 9S)
Batting: RHB Nick Webb 0-0: Called Strike
0-1: Fly out, F8 (Line Drive, 8LM)
Bottom of the 2nd over - 0 run(s), 0 hit(s), 0 error(s), 1 left on base; Baffin Island 0 - Birmingham 0
TOP OF THE 3RD
Baffin Island Beavers batting - Pitching for Birmingham Steeldogs : RHP Pete Cook
Batting: LHB Chris Bates 0-0: Ball
1-0: Swinging Strike
1-1: Foul Ball, location: 2F
1-2: Ball
2-2: Strikes out swinging
Batting: LHB Jeff Cole 0-0: Ball
1-0: Called Strike
1-1: Swinging Strike
1-2: DOUBLE (Flyball, 8LD)
Batting: RHB Dave Craig 0-0: Called Strike
0-1: Ground out 1-3 (Groundball, 15)
Batting: LHB Lorenzo Villa 0-0: Ball
1-0: Called Strike
1-1: Foul Ball, location: 2F
1-2: Ball
2-2: Strikes out swinging
Top of the 3rd over - 0 run(s), 1 hit(s), 0 error(s), 1 left on base; Baffin Island 0 - Birmingham 0
BOTTOM OF THE 3RD
Birmingham Steeldogs batting - Pitching for Baffin Island Beavers : RHP Thierry Garneau
Batting: LHB Mitchell Oglethorpe 0-0: Swinging Strike
0-1: Ball
1-1: Ground out 1-3 (Groundball, 15)
Batting: LHB Chris Miller 0-0: Foul Ball, location: 2F
0-1: Ball
1-1: Foul Ball, location: 2F
1-2: Ground out U3 (Groundball, 3L)
Batting: LHB Arturo Molina 0-0: Foul Ball, location: 2F
0-1: Ball
1-1: Ball
2-1: Foul Ball, location: 2F
2-2: Foul Ball, location: 2F
2-2: Ball
3-2: Base on Balls
Batting: RHB Eric Johnson 0-0: Ball
1-0: Foul Ball, location: 2F
1-1: Called Strike
1-2: Strikes out swinging
Bottom of the 3rd over - 0 run(s), 0 hit(s), 0 error(s), 1 left on base; Baffin Island 0 - Birmingham 0
TOP OF THE 4TH
Baffin Island Beavers batting - Pitching for Birmingham Steeldogs : RHP Pete Cook
Batting: LHB Mario García 0-0: Ball
1-0: Swinging Strike
1-1: Ball
2-1: Foul Ball, location: 2F
2-2: Fly out, F4 (Popup, 34D)
Batting: LHB Keng-chi Lao 0-0: Ball
1-0: Ground out 4-3 (Groundball, 4M)
Batting: LHB José Berroa 0-0: Ball
1-0: Foul Ball, location: 2F
1-1: Called Strike
1-2: Foul Ball, location: 2F
1-2: Ball
2-2: Foul Ball, location: 2F
2-2: Ball
3-2: Fly out, F9 (Flyball, 89D)
Top of the 4th over - 0 run(s), 0 hit(s), 0 error(s), 0 left on base; Baffin Island 0 - Birmingham 0
BOTTOM OF THE 4TH
Birmingham Steeldogs batting - Pitching for Baffin Island Beavers : RHP Thierry Garneau
Batting: LHB José Martínez 0-0: Ball
1-0: Ball
2-0: SINGLE (Line Drive, 78S)
Batting: RHB Lorenzo Martínez 0-0: Ball
1-0: Foul Ball, location: 2F
1-1: Ball
2-1: Ball
3-1: Swinging Strike
3-2: Grounds into double play, U4-3 (Groundball, 4)
Batting: RHB Carlos García 0-0: Called Strike
0-1: Ball
1-1: Ball
2-1: Foul Ball, location: 2F
2-2: Foul Ball, location: 2F
2-2: Fly out, F3 (Line Drive, 3)
Bottom of the 4th over - 0 run(s), 1 hit(s), 0 error(s), 0 left on base; Baffin Island 0 - Birmingham 0
TOP OF THE 5TH
Baffin Island Beavers batting - Pitching for Birmingham Steeldogs : RHP Pete Cook
Batting: LHB Mike MacFadden 0-0: Ball
1-0: Called Strike
1-1: Ball
2-1: Swinging Strike
2-2: Strikes out swinging
Batting: RHB Mario López 0-0: Called Strike
0-1: Ball
1-1: Ball
2-1: Ball
3-1: Base on Balls
Batting: LHB Chris Bates 0-0: Ball
1-0: Foul Ball, location: 2F
1-1: Foul Ball, location: 2F
1-2: Grounds into double play, 4-6-3 (Groundball, 4)
Top of the 5th over - 0 run(s), 0 hit(s), 0 error(s), 0 left on base; Baffin Island 0 - Birmingham 0
BOTTOM OF THE 5TH
Birmingham Steeldogs batting - Pitching for Baffin Island Beavers : RHP Thierry Garneau
Batting: RHB Paço Ttes 0-0: Called Strike
0-1: Ball
1-1: Fly out, F9 (Flyball, 89S)
Batting: RHB Nick Webb 0-0: Ball
1-0: Fly out, F9 (Flyball, 89M)
Batting: LHB Mitchell Oglethorpe 0-0: Ball
1-0: Ball
2-0: Called Strike
2-1: SINGLE (Line Drive, 8LS)
Batting: LHB Chris Miller 0-0: Swinging Strike
0-1: Ball
1-1: Foul Ball, location: 2F
1-2: Strikes out swinging
Bottom of the 5th over - 0 run(s), 1 hit(s), 0 error(s), 1 left on base; Baffin Island 0 - Birmingham 0
TOP OF THE 6TH
Baffin Island Beavers batting - Pitching for Birmingham Steeldogs : RHP Pete Cook
Batting: LHB Jeff Cole 0-0: Foul Ball, location: 2F
0-1: Foul Ball, location: 2F
0-2: Ball
1-2: Ground out 2-3 (Groundball, 2L)
Batting: RHB Dave Craig 0-0: Ball
1-0: Ball
2-0: Ball
3-0: Base on Balls
Batting: LHB Lorenzo Villa 0-0: Called Strike
0-1: Ball
1-1: Ball
2-1: DOUBLE (Line Drive, 9LD)
Dave Craig to third
Runner from 3rd tries for Home, throw and OUT!
Lorenzo Villa to third
Batting: LHB Mario García 0-0: Ball
1-0: Called Strike
1-1: Foul Ball, location: 2F
1-2: Ball
2-2: Ball
Wild Pitch!
Lorenzo Villa scores
3-2: Base on Balls
Batting: LHB Keng-chi Lao 0-0: Ball
1-0: Ball
2-0: Ball
3-0: Called Strike
3-1: Foul Ball, location: 2F
3-2: Foul Ball, location: 2F
3-2: SINGLE (Groundball, 6MD)
Mario García to second
Mario García to third
Pitching: RHP Michel Dallaire
Batting: LHB José Berroa 0-0: Ball
1-0: Foul Ball, location: 2F
1-1: Swinging Strike
1-2: Ball
2-2: Foul Ball, location: 2F
2-2: Ball
3-2: Strikes out swinging
Top of the 6th over - 1 run(s), 2 hit(s), 0 error(s), 2 left on base; Baffin Island 1 - Birmingham 0
BOTTOM OF THE 6TH
Birmingham Steeldogs batting - Pitching for Baffin Island Beavers : RHP Thierry Garneau
Batting: LHB Arturo Molina 0-0: Called Strike
0-1: Ball
1-1: Fly out, F5 (Popup, 5DF)
Batting: RHB Eric Johnson 0-0: Ball
1-0: SINGLE (Line Drive, 56D)
Batting: LHB José Martínez 0-0: Ball
1-0: Ball
2-0: Ground out 5-3 (Groundball, 56)
Eric Johnson to second
Batting: RHB Lorenzo Martínez 0-0: Fly out, F4 (Popup, 4MD)
Bottom of the 6th over - 0 run(s), 1 hit(s), 0 error(s), 1 left on base; Baffin Island 1 - Birmingham 0
TOP OF THE 7TH
Baffin Island Beavers batting - Pitching for Birmingham Steeldogs : RHP Michel Dallaire
Batting: LHB Mike MacFadden 0-0: Ball
1-0: Ball
2-0: Ball
3-0: Called Strike
3-1: Base on Balls
Batting: RHB Mario López 0-0: Ball
1-0: Sac Bunt - play at first, batter safe!
Mike MacFadden to second
Batting: LHB Chris Bates 0-0: Foul Ball, location: 2F
0-1: Ball
1-1: SINGLE (Line Drive, 8RS)
Mike MacFadden to third
Mario López to second
Runner from 3rd tries for Home, SAFE, throw made home
Mario López to third
Chris Bates to second
Batting: LHB Jeff Cole 0-0: Foul Ball, location: 2F
0-1: Ball
1-1: Called Strike
1-2: Ball
2-2: Ball
3-2: Base on Balls
Batting: RHB Dave Craig 0-0: Fly out, F9 (Flyball, 9M)
Runner from 3rd tags up, SCORES, throw made
Batting: LHB Lorenzo Villa 0-0: Swinging Strike
Balk!
Chris Bates to third
Jeff Cole to second
0-1: Called Strike
0-2: Foul Ball, location: 2F
0-2: Fly out, F4 (Line Drive, 4MS)
Batting: LHB Mario García 0-0: Swinging Strike
0-1: Called Strike
0-2: Ball
1-2: Foul Ball, location: 2F
1-2: SINGLE (Flyball, 8LS)
Chris Bates scores
Jeff Cole to third
Runner from 3rd tries for Home, SAFE, no throw or cutoff
Pitching: RHP José Ruíz
Batting: LHB Keng-chi Lao 0-0: Ground out 4-3 (Groundball, 4)
Top of the 7th over - 4 run(s), 3 hit(s), 0 error(s), 1 left on base; Baffin Island 5 - Birmingham 0
BOTTOM OF THE 7TH
Birmingham Steeldogs batting - Pitching for Baffin Island Beavers : RHP Thierry Garneau
Batting: RHB Carlos García 0-0: Called Strike
0-1: Called Strike
0-2: Ball
1-2: Ground out 2-3 (Groundball, 23)
Batting: RHB Paço Ttes 0-0: Fly out, F9 (Line Drive, 9M)
Batting: RHB Nick Webb 0-0: Fly out, F7 (Line Drive, 7S)
Bottom of the 7th over - 0 run(s), 0 hit(s), 0 error(s), 0 left on base; Baffin Island 5 - Birmingham 0
TOP OF THE 8TH
Baffin Island Beavers batting - Pitching for Birmingham Steeldogs : RHP José Ruíz
Batting: LHB José Berroa 0-0: Foul Ball, location: 2F
0-1: Ball
1-1: Ground out 4-3 (Groundball, 4)
Batting: LHB Mike MacFadden 0-0: Ball
1-0: Ball
2-0: Called Strike
2-1: Foul Ball, location: 2F
2-2: Foul Ball, location: 2F
2-2: Foul Ball, location: 2F
2-2: Strikes out swinging
Batting: RHB Mario López 0-0: Called Strike
0-1: Fly out, F3 (Popup, 3F)
Top of the 8th over - 0 run(s), 0 hit(s), 0 error(s), 0 left on base; Baffin Island 5 - Birmingham 0
BOTTOM OF THE 8TH
Birmingham Steeldogs batting - Pitching for Baffin Island Beavers : RHP Thierry Garneau
Batting: LHB Mitchell Oglethorpe 0-0: Ball
1-0: Ground out 4-3 (Groundball, 4)
Batting: LHB Chris Miller 0-0: Ball
1-0: Called Strike
1-1: Foul Ball, location: 2F
1-2: Ball
2-2: Strikes out swinging
Batting: LHB Arturo Molina 0-0: Foul Ball, location: 2F
0-1: Swinging Strike
0-2: Ball
1-2: Foul Ball, location: 2F
1-2: Strikes out swinging
Bottom of the 8th over - 0 run(s), 0 hit(s), 0 error(s), 0 left on base; Baffin Island 5 - Birmingham 0
TOP OF THE 9TH
Baffin Island Beavers batting - Pitching for Birmingham Steeldogs : RHP José Ruíz
Batting: LHB Chris Bates 0-0: Called Strike
0-1: Ball
1-1: Ball
2-1: Ball
3-1: Called Strike
3-2: Ground out 4-3 (Groundball, 4M)
Batting: LHB Jeff Cole 0-0: Swinging Strike
0-1: Swinging Strike
0-2: Ball
1-2: Strikes out looking
Batting: RHB Dave Craig 0-0: Ball
1-0: Called Strike
1-1: Foul Ball, location: 2F
1-2: Strikes out swinging
Top of the 9th over - 0 run(s), 0 hit(s), 0 error(s), 0 left on base; Baffin Island 5 - Birmingham 0
BOTTOM OF THE 9TH
Birmingham Steeldogs batting - Pitching for Baffin Island Beavers : RHP Thierry Garneau
Pitching: LHP Edgardo Guzmán
Batting: RHB Eric Johnson 0-0: Ball
1-0: Foul Ball, location: 2F
1-1: Foul Ball, location: 2F
1-2: Strikes out swinging
Batting: LHB José Martínez 0-0: Called Strike
0-1: Ball
1-1: Ground out 1-3 (Groundball, 13S)
Batting: RHB Lorenzo Martínez 0-0: Foul Ball, location: 2F
0-1: Foul Ball, location: 2F
0-2: Ball
1-2: Foul Ball, location: 2F
1-2: Strikes out swinging
Bottom of the 9th over - 0 run(s), 0 hit(s), 0 error(s), 0 left on base; Baffin Island 5 - Birmingham 0
Monday, December 5th, 2016 - OOTP Baseball 17.12 Build 75